 Dungeon Crawl Stone Soup version 0.31-a0-1278-g11c5b68f87 (webtiles) character file.

Game seed: 12961952742985976876

17712 wildpjah the Cleaver (level 12, -7/97 HPs)
             Began as a Formicid Fighter on Dec 18, 2023.
             Was the Champion of Okawaru.
             Mangled by a seven-headed hydra (9 damage)
             ... on level 1 of the Lair of Beasts.
             The game lasted 00:30:19 (9184 turns).

wildpjah the Cleaver (Formicid Fighter)             Turns: 9184, Time: 00:30:20

Health: -7/97      AC: 25    Str: 26    XL:     12   Next: 86%
Magic:  12/12      EV:  8    Int:  8    God:    Okawaru [******]
Gold:   618        SH: 11    Dex: 16    Spells: 11/11 levels left

rFire   + . .        H - +3 flail (drain)
rCold   + + .        R - +0 kite shield
rNeg    + . .        m - +0 plate armour
rPois   +            (helmet unavailable)
rElec   .            d - +1 cloak {rPois}
rCorr   .            l - +4 pair of gloves of Hospitality {+Blink rN+ Regen+ Slay+2}
SInv    +            W - +1 pair of boots of Privacy {Rampage rPois rC++ Dex-3}
Will    +....        i - amulet of faith Stlth
                     F - ring of protection from fire
HPRegen 1.16/turn    G - +6 ring of dexterity
MPRegen 0.13/turn

%: rampage, faith
@: mighty, studying Fire Magic, invisible
A: permanent stasis, dig shafts and tunnels, antennae 3, four strong arms
a: Dig, Shaft Self, Renounce Religion, Heroism, Finesse, Duel, Receive Weapon,
Receive Armour


You were on level 1 of the Lair of Beasts.
You worshipped Okawaru.
Okawaru was exalted by your worship.
You visited 3 branches of the dungeon, and saw 13 of its levels.
You also visited: Ossuary.

You collected 618 gold pieces.

Inventory:

Hand Weapons
 b - a +0 spectral battleaxe
 r - a +0 hand axe of venom
 x - a +1 hammer of protection
 H - a +3 flail of draining (weapon)
Missiles
 Y - 5 boomerangs (quivered)
Armour
 c - a +0 buckler
 d - a +1 cloak of poison resistance (worn)
 l - the +4 pair of gloves of Hospitality (worn) {+Blink rN+ Regen+ Slay+2}
   (You found it on level 2 of the Dungeon)

   Slay+2:    It affects your accuracy & damage with ranged weapons and melee
   (+2).
   rN+:       It protects you from negative energy.
   +Blink:    It lets you blink.
   Regen+:    It increases your rate of health regeneration.
 m - a +0 plate armour (worn)
 R - a +0 kite shield (worn)
 W - the +1 pair of boots of Privacy (worn) {Rampage rPois rC++ Dex-3}
   (You found it on level 9 of the Dungeon)

   Dex-3:     It affects your dexterity (-3).
   rC++:      It greatly protects you from cold.
   rPois:     It protects you from poison Rampage: It bestows one free step when
   moving towards enemies.
 Z - an orb of light
Jewellery
 i - an amulet of faith (around neck)
 j - a ring of flight
 v - an amulet of the acrobat
 w - a +6 ring of intelligence
 D - a ring of magical power
 F - a ring of protection from fire (left hand)
 G - a +6 ring of dexterity (right hand)
 M - an amulet of reflection
 Q - a +6 ring of intelligence
 X - an amulet of regeneration
Wands
 o - a wand of iceblast (28)
 E - a wand of light (10)
 K - a wand of digging (6)
 O - a wand of paralysis (13)
 U - a wand of polymorph (7)
Scrolls
 h - 2 scrolls of enchant armour
 p - 7 scrolls of immolation
 t - a scroll of fear
 y - 4 scrolls of noise
 A - 3 scrolls of enchant weapon
 C - 2 scrolls of revelation
 J - a scroll of blinking
 L - 2 scrolls of amnesia
 T - a scroll of fog
Potions
 e - 3 potions of resistance
 f - 2 potions of lignification {unknown}
 k - 3 potions of brilliance
 n - 2 potions of attraction
 q - 7 potions of mutation
 u - 4 potions of curing
 z - 2 potions of haste
 I - a potion of heal wounds
 N - 2 potions of magic {unknown}
 P - 2 potions of ambrosia {unknown}
 S - a potion of enlightenment {unknown}
 V - a potion of berserk rage {unknown}


   Skills:
 + Level 9.8 Fighting
 + Level 13.3(13.6) Axes
 + Level 4.8(9.8) Maces & Flails
 + Level 0.6 Throwing
 + Level 10.9 Armour
 + Level 2.2 Dodging
 + Level 3.0 Stealth
 + Level 9.3 Shields
 + Level 0.3 Invocations


You had 11 spell levels left.
You didn't know any spells.
Your spell library contained the following spells:

 Spells                   Type           Power      Damage    Failure   Level
 Sting                    Tmut/Pois      0%         1d3       100%        1
 Cigotuvi's Dreadful Rot  Necr/Pois/Air  0%         N/A       100%        2
 Poisonous Vapours        Pois/Air       0%         N/A       100%        2
 Volatile Blastmotes      Fire/Tloc      0%         2d10      100%        3
 Cause Fear               Hex            0%         N/A       100%        4
 Dispel Undead            Necr           0%         3d6       100%        4
 Fulminant Prism          Conj/Hex       0%         3d5       100%        4
 Iskenderun's Mystic Bla  Conj/Tloc      0%         2d3       100%        4
 Olgreb's Toxic Radiance  Pois           0%         N/A       100%        4
 Fireball                 Conj/Fire      0%         3d3       100%        5
 Death Channel            Necr           Unusable   N/A       N/A         6
 Dragon's Call            Summ           Unusable   N/A       N/A         9

Dungeon Overview and Level Annotations

Branches:
Dungeon (10/15)            Temple (1/1) D:6            Lair (2/5) D:9
 Shoals (0/4) Lair:2      Ossuary (visited)
  Snake: Lair:2-3    Spider: Lair:2-3       Orc: D:9-12

Altars:
Ashenzari
Cheibriados
Dithmenos
Elyvilon
Fedhas
Gozag
Hepliaklqana
Kikubaaqudgha
Makhleb
Nemelex Xobeh
Okawaru
Qazlal
Ru
Sif Muna
Trog
Uskayaw
Vehumet
Wu Jian
Xom
Yredelemnul
Zin
The Shining One


Innate Abilities, Weirdness & Mutations

You cannot be hasted, slowed, berserked, paralysed or teleported.
You can dig through walls and to a lower floor.
You have a pair of large antennae on your head. (SInv)
Your four strong arms can wield two-handed weapons with a shield.


Message History

The seven-headed hydra barely misses you. x2
The seven-headed hydra bites you but does no damage.
The seven-headed hydra bites you. The yak closely misses you.
The yak gores you but does no damage.
You catch the helpless seven-headed hydra completely off-guard!
You bludgeon the seven-headed hydra!! You drain the seven-headed hydra.
The seven-headed hydra is heavily wounded.
You block the manticore's attack. The manticore barely misses you.
The manticore misses you.
You block the seven-headed hydra's attack. x2
The seven-headed hydra bites you. The seven-headed hydra bites you!
* * * LOW HITPOINT WARNING * * *
The seven-headed hydra bites you but does no damage. x2
The seven-headed hydra closely misses you.
The yak closely misses you. The yak barely misses you.
You catch the helpless seven-headed hydra completely off-guard!
You hit the seven-headed hydra. You drain the seven-headed hydra.
The seven-headed hydra is severely wounded.
You block the manticore's attack. The manticore barely misses you.
The manticore claws you.
* * * LOW HITPOINT WARNING * * *
The yak gores you.
* * * LOW HITPOINT WARNING * * *
You block the yak's attack.
Unknown command.
You sock the seven-headed hydra!
The seven-headed hydra is almost dead.
You block the manticore's attack.
The manticore claws you but does no damage.
You block the manticore's attack.
The seven-headed hydra closely misses you.
The seven-headed hydra bites you!
* * * LOW HITPOINT WARNING * * *
The seven-headed hydra bites you but does no damage.
You block the seven-headed hydra's attack.
The seven-headed hydra bites you but does no damage.
The seven-headed hydra bites you.
* * * LOW HITPOINT WARNING * * *
The seven-headed hydra bites you!
You die...

#...# #.......#....###.#.#....#
##.## #..#....#...............#
#.# #..........####.##......#
##.# #..###.##.## #####.....#
...# ##..........# ##.....# ...#
#..........## #......##
...#####.......[.# ##.....P#
...............Y.# #.......#
...............D@# #......##
...............HY# #P.....##
.................# #### ##......#
.................###..####.....##
......######P##................#
...#### ####.....#.##.#.##..#
....# #.....#.......#..# ...##
#.....#.......+..## ...#
#.....#.......#...#


You could see a seven-headed hydra (unable to see you, drained), a manticore
(unable to see you) and 2 yaks.

Vanquished Creatures
  A deep elf pyromancer (D:9)
  5 elephants (Lair:2)
  4 cane toads
  Jeremiah (D:7)
  5 komodo dragons
  2 trolls
  Prince Ribbit (D:6)
  A polar bear (Lair:2)
  2 hornets (D:9)
  A wind drake (Lair:2)
  Grinder (D:4)
  A shadow (D:9)
  4 wyverns
  Sigmund (D:6)
  A vampire (D:9)
  Grum (D:8)
  19 yaks
  2 basilisks (Lair:2)
  Eustachio (D:4)
  A golden eye (D:9)
  Edmund (D:6)
  2 vampire mosquitoes (D:9)
  7 water moccasins
  A black bear (D:7)
  A sky beast (D:8)
  3 orc warriors (D:9)
  An ice beast (D:7)
  17 wolves
  6 centaurs
  An ogre (D:4)
  A phantom (D:5)
  3 kobold brigands
  Blork the orc (D:4)
  12 bullfrogs
  A gnoll sergeant (D:9)
  4 scorpions
  4 wights
  4 killer bees
  5 jellies
  10 howler monkeys
  A centaur zombie (Ossuary)
  A human zombie (Ossuary)
  2 orc priests
  3 hounds
  2 gnoll boudas
  3 sleepcaps
  Crazy Yiuf (D:3)
  6 iguanas
  2 orc wizards
  3 mummies (Ossuary)
  4 adders
  5 gnolls (D:8)
  2 white imps (D:7)
  A worm (D:4)
  3 dart slugs
  20 orcs
  4 bats
  6 endoplasms
  4 giant cockroaches
  3 goblins
  2 hobgoblins
  9 jackals
  11 kobolds
  3 quokkas
  8 ball pythons
  2 frilled lizards
  A gnoll zombie (Ossuary)
  A hobgoblin zombie (Ossuary)
  3 kobold zombies (Ossuary)
  An orc zombie (Ossuary)
  4 rats
261 creatures vanquished.

Vanquished Creatures (others)
  A two-headed ogre (D:9)
  A cane toad (D:9)
2 creatures vanquished.

Grand Total: 263 creatures vanquished

Notes
Turn   | Place    | Note
-------+----------+-------------------------------------------
     0 | D:1      | wildpjah the Formicid Fighter began the quest for the Orb.
     0 | D:1      | Reached XP level 1. HP: 18/18 MP: 1/1
    83 | D:1      | Reached XP level 2. HP: 23/24 MP: 2/2
   585 | D:1      | Reached XP level 3. HP: 29/29 MP: 3/3
   830 | D:2      | Identified the +4 pair of gloves of Hospitality {+Blink rN+
                  | Regen+ Slay+2}
   904 | D:2      | Identified the +0 plate armour "Qollui Ohadi" {rElec rC+++
                  | rCorr Int-4}
  1647 | D:3      | Reached skill level 3 in Axes
  1647 | D:3      | Reached XP level 4. HP: 37/37 MP: 4/4
  1855 | D:3      | Reached skill level 1 in Dodging
  1859 | D:3      | Reached XP level 5. HP: 42/42 MP: 5/5
  2080 | D:3      | Found a runed translucent door.
  2081 | D:3      | Noticed Crazy Yiuf
  2092 | D:3      | Killed Crazy Yiuf
  2211 | D:4      | Noticed Grinder
  2245 | D:4      | Killed Grinder
  2246 | D:4      | Reached skill level 4 in Axes
  2246 | D:4      | Reached XP level 6. HP: 31/48 MP: 6/6
  2287 | D:4      | Noticed Eustachio
  2288 | D:4      | Found a sand-covered staircase.
  2304 | D:4      | Killed Eustachio
  2305 | D:4      | Reached skill level 5 in Axes
  2305 | D:4      | Reached XP level 7. HP: 51/55 MP: 7/7
  2311 | Ossuary  | Entered an ossuary
  2546 | D:4      | Noticed Blork the orc
  2556 | D:4      | Killed Blork the orc
  2557 | D:4      | Reached skill level 1 in Maces & Flails
  2649 | D:4      | Reached skill level 5 in Shields
  3107 | D:4      | Reached skill level 5 in Armour
  3107 | D:4      | Reached XP level 8. HP: 58/61 MP: 8/8
  3264 | D:5      | Entered Level 5 of the Dungeon
  3299 | D:5      | Reached skill level 6 in Axes
  3394 | D:5      | Reached skill level 5 in Fighting
  4016 | D:6      | Noticed Sigmund
  4132 | D:6      | Killed Sigmund
  4133 | D:6      | Reached skill level 7 in Axes
  4133 | D:6      | Reached XP level 9. HP: 69/69 MP: 9/9
  4178 | D:6      | Noticed Prince Ribbit
  4179 | D:6      | Noticed Edmund
  4194 | D:6      | Killed Prince Ribbit
  4195 | D:6      | Killed Edmund
  4283 | D:6      | Reached skill level 8 in Axes
  4384 | D:6      | Found a staircase to the Ecumenical Temple.
  4848 | Temple   | Entered the Ecumenical Temple
  4899 | Temple   | Became a worshipper of Warmaster Okawaru
  5030 | D:7      | Noticed Jeremiah
  5034 | D:7      | Reached XP level 10. HP: 77/77 MP: 10/10
  5059 | D:7      | Reached skill level 9 in Axes
  5076 | D:7      | Reached * piety under Okawaru
  5119 | D:7      | Killed Jeremiah
  5553 | D:8      | Noticed Grum
  5569 | D:8      | HP: 2/77 [Grum/+0 glaive (14)]
  5576 | D:8      | Killed Grum
  5659 | D:8      | Reached ** piety under Okawaru
  5794 | D:8      | Reached skill level 10 in Axes
  6184 | D:8      | Reached *** piety under Okawaru
  6558 | D:9      | Reached XP level 11. HP: 74/84 MP: 11/11
  6617 | D:9      | Found a sparkling altar of Nemelex Xobeh.
  6618 | D:9      | Found an ancient bone altar of Kikubaaqudgha.
  6708 | D:9      | Reached skill level 11 in Axes
  6731 | D:9      | Found a staircase to the Lair.
  6831 | D:9      | Reached **** piety under Okawaru
  6887 | D:9      | Noticed a deep elf pyromancer
  6900 | D:9      | Noticed a two-headed ogre
  6915 | D:9      | Reached skill level 1 in Stealth
  6943 | D:9      | Reached ***** piety under Okawaru
  6944 | D:9      | Killed a two-headed ogre
  6965 | D:9      | You fall into a shaft and drop 1 floor!
  6965 | D:10     | Entered Level 10 of the Dungeon
  7316 | D:9      | Killed a deep elf pyromancer
  7533 | D:9      | Identified the +1 pair of boots of Privacy {Rampage rPois
                  | rC++ Dex-3}
  7594 | Lair:1   | Entered Level 1 of the Lair of Beasts
  7729 | Lair:1   | Received a gift from Okawaru
  8010 | Lair:1   | Reached XP level 12. HP: 88/94 MP: 12/12
  8082 | Lair:1   | Reached skill level 10 in Armour
  8206 | Lair:1   | Reached skill level 12 in Axes
  8601 | Lair:2   | Received a gift from Okawaru
  8875 | Lair:2   | Received a gift from Okawaru
  8910 | Lair:2   | Reached skill level 13 in Axes
  9068 | Lair:2   | Identified a scroll of acquirement
  9073 | Lair:2   | Acquired a manual of Fire Magic
  9108 | Lair:2   | Found a staircase to the Shoals.
  9109 | Lair:2   | Noticed a six-headed hydra
  9114 | Lair:2   | Reached ****** piety under Okawaru
  9184 | Lair:1   | HP: 2/97 [seven-headed hydra (4)]
  9184 | Lair:1   | Mangled by a seven-headed hydra

Illustrated notes

Levels and vault maps discovered:
D:1:      dpeg_arrival_round_b, layout_basic
D:2:      layout_basic, dk_noncrumbling_3, nrook_mini_vaults
D:3:      layout_basic, uniq_crazy_yiuf_cottage
D:4:      layout_loops_ring, mainiacjoe_ossuary_entry_dusty_tomb,
          serial_aquarium, aquarium_bridge_straight [aquarium_subvault_bridge,
          aquarium_subvault_wall, aquarium_subvault_bridge,
          aquarium_subvault_wall], aquarium_window_corner, aquarium_window_fake,
          aquarium_window_1, aquarium_window_double, aquarium_view_2c,
          aquarium_view_2c, aquarium_balcony_3a, uniq_blork_the_orc,
          uniq_eustachio, uniq_grinder
D:5:      layout_gridville
D:6:      minmay_cornered_nines, layout_loops_ring,
          minmay_temple_entry_statues_fountains, kennysheep_generic_room_13,
          uniq_prince_ribbit1, uniq_edmund, uniq_sigmund
D:7:      layout_rooms, uniq_jeremiah
D:8:      layout_gridville, minmay_fractal_squares_diagonal_5, uniq_grum
D:9:      layout_gridville, gammafunk_temple_overflow_pools,
          david_lair_shrubbed, nzn_random_ring
D:10:     layout_loops_ring, kennysheep_orc_monster_closet_entryway,
          serial_bayou, serial_bayou_pond_d, serial_bayou_lagoon_a,
          serial_bayou_pond_d, serial_bayou_crossing, serial_bayou_pond_a,
          minmay_fractal_squares_gapless_7
Temple:   mainiacjoe_temple_cubbyholes
Lair:1:   layout_chaotic_city, dreamdust_gnoll_shepherd
Lair:2:   layout_gridlike, minmay_shoals_entry_beasts, lemuel_fruit_tree,
          grunt_megastairs_5

Skill      XL: |  1  2  3  4  5  6  7  8  9 10 11 12 |
---------------+-------------------------------------+-----
Axes           | 3 4 5 7 8 10 11 13 | 13.3
Armour         | 4 5 6 7 8 9 10 | 10.9
Dodging        | 1 2 |  2.2
Fighting       | 4 5 6 7 8 9 |  9.8
Maces & Flails | 1 2 3 4 |  4.8
Shields        | 5 6 8 9 |  9.3
Stealth        | 3 |  3.0
Throwing       | |  0.6
Invocations    | |  0.3

Action                     |  1- 3 |  4- 6 |  7- 9 | 10-12 || total
---------------------------+-------+-------+-------+-------++-------
  Melee: War axe           |    77 |       |       |       ||    77
         Hand axe          |     6 |    73 |   234 |   599 ||   912
         Mace              |       |       |    58 |    21 ||    79
         Flail             |       |       |       |    35 ||    35
         Punch             |       |       |       |     8 ||     8
         Battleaxe         |       |       |       |    20 ||    20
  Throw: Boomerang         |       |       |       |     3 ||     3
 Invoke: Heroism           |       |       |       |     2 ||     2
Ability: Shaft Self        |       |       |       |     1 ||     1
    Use: Scroll            |       |     7 |       |    10 ||    17
         Potion            |       |     1 |       |     7 ||     8
   Stab: Held in net/web   |       |     1 |       |       ||     1
         Invisible         |       |       |       |     6 ||     6
 Armour: Scale mail        |    46 |       |       |       ||    46
         Plate armour      |    15 |    39 |   173 |   690 ||   917
  Dodge: Dodged            |    35 |    18 |    76 |   293 ||   422
  Block: Buckler           |    20 |    11 |    64 |    76 ||   171
         Kite shield       |       |       |       |    65 ||    65

Table legend: (Time is in decaauts)
 A = Elapsed time spent in this place.
 B = Non-inter-level travel time spent in this place.
 C = Inter-level travel time spent in this place.
 D = Time resting spent in this place.
 E = Time spent auto-exploring this place.
 F = Levels seen in this place.
 G = Mean time per level.
                   A        B        C        D        E       F      G
               +--------+--------+--------+--------+--------+-----+--------+
         Total |   9068 |   8524 |    544 |    234 |   6185 |  14 |  647.7 |
       Dungeon |   7225 |   6795 |    430 |    151 |   5054 |  10 |  722.5 |
        Temple |    100 |      2 |     98 |      0 |      0 |   1 |  100.0 |
          Lair |   1505 |   1489 |     16 |     70 |   1033 |   2 |  752.5 |
       Ossuary |    236 |    236 |      0 |     13 |     98 |   1 |  236.0 |
               +--------+--------+--------+--------+--------+-----+--------+

Top non-repeatable levels by time:
     D:8: 982 daAuts
     D:9: 911 daAuts
     D:4: 898 daAuts
     D:2: 852 daAuts
     D:5: 832 daAuts
     D:1: 817 daAuts
  Lair:1: 793 daAuts
     D:6: 767 daAuts
  Lair:2: 711 daAuts
     D:7: 524 daAuts
     D:3: 517 daAuts
 Ossuary: 236 daAuts
    D:10: 122 daAuts
  Temple: 100 daAuts
